 Dungeon Crawl Stone Soup version 0.27-a0-417-g317cea8 (webtiles) character file.

Game seed: 13432064661409546069

259 GeorgeSoros the Magician (level 6, 0/50 HPs)
             Began as a Gnoll Wanderer on Feb 25, 2021.
             Succumbed to an orc wizard's poison
             ... on level 3 of the Dungeon.
             The game lasted 00:11:51 (3647 turns).

GeorgeSoros the Magician (Gnoll Wanderer)           Turns: 3647, Time: 00:11:52

Health: 0/50       AC:  8    Str: 18    XL:     6   Next: 17%
Magic:  16/16      EV:  9    Int: 12    God:
Gold:   175        SH:  0    Dex: 12    Spells: 18/19 levels left

rFire    . . .     SeeInvis .   a - +1 spear
rCold    . . .     Faith    .   (no shield)
rNeg     . . .     Spirit   .   n - +0 chain mail
rPois    .         Reflect  .   (no helmet)
rElec    .         Harm     .   (no cloak)
rCorr    .         Rampage  .   (no gloves)
Will     .....                  (no boots)
Stlth    ..........             (no amulet)
HPRegen  0.16/turn              h - +6 ring of strength
MPRegen  0.15/turn              (no ring)

@: confused, mighty, lethally poisoned (0 -> -6)
A: distributed training, fangs 1, strong nose
a: no special abilities


You were on level 3 of the Dungeon.
You visited 1 branch of the dungeon, and saw 3 of its levels.

You collected 175 gold pieces.

Inventory:

Hand Weapons
 a - a +1 spear (weapon)
Missiles
 b - 3 throwing nets (quivered)
 k - 19 poisoned darts
Armour
 c - a +1 leather armour
 n - a +0 chain mail (worn)
Jewellery
 h - a +6 ring of strength (left hand)
Scrolls
 d - a scroll of magic mapping
Potions
 f - a potion of attraction
 i - a potion of invisibility


   Skills:
 + Level 4.9 Fighting
 + Level 1.8 Short Blades
 + Level 1.8 Long Blades
 + Level 1.8 Axes
 + Level 1.8 Maces & Flails
 + Level 3.1 Polearms
 + Level 1.8 Staves
 + Level 1.8 Slings
 + Level 1.8 Bows
 + Level 1.8 Crossbows
 + Level 1.8 Throwing
 + Level 1.8 Armour
 + Level 4.9 Dodging
 + Level 3.0 Stealth
 + Level 1.8 Shields
 + Level 1.8 Unarmed Combat
 + Level 7.4 Spellcasting
 + Level 1.4 Conjurations
 + Level 1.4 Hexes
 + Level 1.4 Summonings
 + Level 1.4 Necromancy
 + Level 1.4 Translocations
 + Level 1.4 Transmutations
 + Level 1.4 Fire Magic
 + Level 1.4 Ice Magic
 + Level 1.4 Air Magic
 + Level 1.4 Earth Magic
 + Level 1.4 Poison Magic
 + Level 2.0 Invocations
 + Level 3.1 Evocations


You had 18 spell levels left.
You knew the following spells:

 Your Spells              Type           Power        Failure   Level
a - Freeze                Ice            28%          77%         1

Your spell library contained the following spells:

 Spells                   Type           Power        Failure   Level
 Frozen Ramparts          Ice            14%          98%         3


Dungeon Overview and Level Annotations

Branches:
Dungeon (3/15)

Altars:
Yredelemnul


Innate Abilities, Weirdness & Mutations

Your experience applies equally to all skills.
You have very sharp teeth.
Your uncanny sense of smell can sniff out nearby items.


Message History

You feel sick.
There is a stone staircase leading down here.
* * * LOW HITPOINT WARNING * * *
You feel sick.
You climb downwards.
* * * LOW HITPOINT WARNING * * *
You feel sick. The orc hits you with a +0 short sword.
* * * LOW HITPOINT WARNING * * *
The rat bites you.
* * * LOW HITPOINT WARNING * * *
The orc hits you but does no damage. The rat bites you but does no damage.
There is a stone staircase leading up here.
You puncture the orc!
You kill the orc!
* * * LOW HITPOINT WARNING * * *
You feel sick. The rat bites you.
* * * LOW HITPOINT WARNING * * *
* * * LOW HITPOINT WARNING * * *
You feel sick. The rat barely misses you.
You see here a +0 short sword.
* * * LOW HITPOINT WARNING * * *
You feel sick. The rat bites you but does no damage.
* * * LOW HITPOINT WARNING * * *
You feel sick.
Items here: )) [ ÷÷.
* * * LOW HITPOINT WARNING * * *
You feel sick.
You puncture the orc wizard!
The orc wizard is heavily wounded.
The orc wizard gestures at you while chanting.
You are confused.
The rat bites you.
* * * LOW HITPOINT WARNING * * *
You puncture the orc wizard!
You kill the orc wizard!
* * * LOW HITPOINT WARNING * * *
You feel sick. The rat bites you.
* * * LOW HITPOINT WARNING * * *
Your Stealth skill increases to level 3!
You die...

#...........#.P.
####.........<....P ....
#............b....P #... ∆
#.##...........#.P♣ #....
##...#.†........# ♣♣ #...
#.....†.........# #....
###.P.P...........#
#....#####...._............#
#....÷.......P@P......(.....
#.............)..........
###..[.....#####r........
#......)[...<.#........
#............)#........
#.............#.......
#........######.......
########## ....... .......


You could see a rat.

Vanquished Creatures
  2 orc priests
  Terence (D:2)
  3 orc wizards
  An adder (D:2)
  2 oozes
  2 worms (D:2)
  5 dart slugs
  A leopard gecko (D:1)
  7 orcs
  10 bats
  4 giant cockroaches
  4 goblins (D:1)
  5 hobgoblins
  10 kobolds
  A ball python (D:2)
  6 frilled lizards
  2 rats
66 creatures vanquished.

Notes
Turn   | Place    | Note
-------+----------+-------------------------------------------
     0 | D:1      | GeorgeSoros the Gnoll Wanderer began the quest for the Orb.
     0 | D:1      | GeorgeSoros set off with the following items: a +0 spear, 4
                  | throwing nets, a +0 leather armour; and the following spell
                  | memorised: Freeze; and the following spells available to
                  | memorise: Frozen Ramparts
     0 | D:1      | Reached XP level 1. HP: 20/20 MP: 8/8
   169 | D:1      | Reached XP level 2. HP: 26/26 MP: 10/10
   598 | D:1      | Reached XP level 3. HP: 30/31 MP: 11/11
   899 | D:1      | Reached skill level 1 in Invocations
  1273 | D:2      | Reached skill level 1 in Short Blades
  1273 | D:2      | Reached skill level 1 in Long Blades
  1273 | D:2      | Reached skill level 1 in Axes
  1273 | D:2      | Reached skill level 1 in Maces & Flails
  1273 | D:2      | Reached skill level 1 in Staves
  1273 | D:2      | Reached skill level 1 in Slings
  1273 | D:2      | Reached skill level 1 in Bows
  1273 | D:2      | Reached skill level 1 in Crossbows
  1273 | D:2      | Reached skill level 1 in Throwing
  1273 | D:2      | Reached skill level 1 in Armour
  1273 | D:2      | Reached skill level 1 in Shields
  1273 | D:2      | Reached skill level 1 in Unarmed Combat
  1562 | D:2      | Reached XP level 4. HP: 38/38 MP: 13/13
  1732 | D:2      | Noticed Terence
  2494 | D:2      | Killed Terence
  2495 | D:2      | Reached skill level 1 in Conjurations
  2495 | D:2      | Reached skill level 1 in Hexes
  2495 | D:2      | Reached skill level 1 in Summonings
  2495 | D:2      | Reached skill level 1 in Necromancy
  2495 | D:2      | Reached skill level 1 in Translocations
  2495 | D:2      | Reached skill level 1 in Transmutations
  2495 | D:2      | Reached skill level 1 in Fire Magic
  2495 | D:2      | Reached skill level 1 in Ice Magic
  2495 | D:2      | Reached skill level 1 in Air Magic
  2495 | D:2      | Reached skill level 1 in Earth Magic
  2495 | D:2      | Reached skill level 1 in Poison Magic
  2648 | D:2      | Reached XP level 5. HP: 15/43 MP: 14/14
  3115 | D:3      | Found a basalt altar of Yredelemnul.
  3634 | D:2      | Reached XP level 6. HP: 20/50 MP: 16/16
  3646 | D:3      | HP: 2/50 [poisoned by an orc wizard]
  3647 | D:3      | Succumbed to an orc wizard's poison

Illustrated notes

Levels and vault maps discovered:
D:1:      lemuel_arrival_cross, layout_loops_corners, minivault_25,
          minmay_indecisive_spiral
D:2:      layout_basic, uniq_terence
D:3:      layout_basic, dk_noncrumbling_2, yredelemnul_altar_generic,
          uniq_crazy_yiuf_cottage

Skill      XL: |  1  2  3  4  5  6 |
---------------+-------------------+-----
Invocations    | 1 2 |  2.0
Short Blades   | 1 |  1.8
Long Blades    | 1 |  1.8
Axes           | 1 |  1.8
Maces & Flails | 1 |  1.8
Staves         | 1 |  1.8
Slings         | 1 |  1.8
Bows           | 1 |  1.8
Crossbows      | 1 |  1.8
Throwing       | 1 |  1.8
Armour         | 1 |  1.8
Shields        | 1 |  1.8
Unarmed Combat | 1 |  1.8
Conjurations   | 1 |  1.4
Hexes          | 1 |  1.4
Summonings     | 1 |  1.4
Necromancy     | 1 |  1.4
Translocations | 1 |  1.4
Transmutations | 1 |  1.4
Fire Magic     | 1 |  1.4
Ice Magic      | 1 |  1.4
Air Magic      | 1 |  1.4
Earth Magic    | 1 |  1.4
Poison Magic   | 1 |  1.4
Polearms       | 3 |  3.1
Evocations     | 3 |  3.1
Stealth        | 3 |  3.0
Fighting       | |  4.9
Dodging        | |  4.9
Spellcasting   | |  7.4

Action                   |  1- 3 |  4- 6 || total
-------------------------+-------+-------++-------
Melee: Spear             |   134 |   213 ||   347
       Bite              |    12 |    22 ||    34
       Punch             |       |     1 ||     1
Throw: Throwing net      |       |     2 ||     2
 Cast: Freeze            |     1 |       ||     1
  Use: Scroll            |     9 |     2 ||    11
       Potion            |       |     3 ||     3
 Stab: Sleeping          |     7 |     2 ||     9
Armor: Leather armour    |    22 |    17 ||    39
       Chain mail        |       |    54 ||    54
Dodge: Dodged            |    60 |    66 ||   126

Table legend: (Time is in decaauts)
 A = Elapsed time spent in this place.
 B = Non-inter-level travel time spent in this place.
 C = Inter-level travel time spent in this place.
 D = Time resting spent in this place.
 E = Time spent auto-exploring this place.
 F = Levels seen in this place.
 G = Mean time per level.
                   A        B        C        D        E       F      G
               +--------+--------+--------+--------+--------+-----+--------+
         Total |   3641 |   3279 |    362 |    752 |   1743 |   3 | 1213.7 |
       Dungeon |   3641 |   3279 |    362 |    752 |   1743 |   3 | 1213.7 |
               +--------+--------+--------+--------+--------+-----+--------+

Top non-repeatable levels by time:
     D:2: 1917 daAuts
     D:1: 1451 daAuts
     D:3: 273 daAuts
